 Dungeon Crawl Stone Soup version 0.17-a0-1667-g4ca74a1 (webtiles) character file.

3626 karlkraus the Blocker (level 9, -11/71 HPs)
             Began as a Minotaur Fighter on Aug 18, 2015.
             Was a Follower of Qazlal.
             Mangled by an orc warrior
             ... wielding a +0 mace
              (15 damage)
             ... on level 8 of the Dungeon.
             The game lasted 00:14:55 (5557 turns).

karlkraus the Blocker (Minotaur Fighter)            Turns: 5557, Time: 00:14:55

Health: -11/71     AC: 15    Str: 18 (19) XL:     9   Next: 87%
Magic:  8/8        EV: 11    Int:  7      God:    Qazlal [*.....]
Gold:   139        SH: 14    Dex: 12 (13) Spells: 0 memorised, 8 levels left

rFire  + . .     SeeInvis .     a - +0 flail
rCold  + . .     Clarity  .     b - +0 scale mail
rNeg   . . .     SustAt   .     c - +1 shield
rPois  +         Gourm    .     (helmet restricted)
rElec  +         Spirit   .     s - +2 cloak {rPois}
rCorr  +         Warding  .     F - +2 pair of gloves of the Furies {rElec}
rMut   .         Stasis   .     (no boots)
MR     .....                    o - amulet of regeneration
Stlth  ..........               (no ring)
                                n - +2 ring of intelligence

@: resistant, not resistant to hostile enchantments, extremely unstealthy
A: retaliatory headbutt, horns 2, talons 1, deterioration 2, frail 1, screaming
1, weak 1, no device heal 1
a: Renounce Religion


You were on level 8 of the Dungeon.
You worshipped Qazlal.
Qazlal was aware of your devotion.
You were not hungry.

You visited 2 branches of the dungeon, and saw 9 of its levels.

You collected 376 gold pieces.
You spent 237 gold pieces at shops.

Inventory:

Hand weapons
 a - a +0 flail (weapon)
Armour
 b - a +0 scale mail (worn)
 c - a +1 shield (worn)
 l - a +0 pair of gloves
 s - a +2 cloak of poison resistance (worn)
 F - the +2 pair of gloves of the Furies (worn) {rElec}
   (You bought it in a shop on level 8 of the Dungeon)

   It insulates you from electricity.
Jewellery
 n - a +2 ring of intelligence (left hand)
 o - an amulet of regeneration (around neck)
 v - an uncursed amulet of warding
Magical devices
 h - a wand of digging (6)
 C - a wand of confusion (38)
Scrolls
 f - 3 scrolls of enchant armour
 g - a scroll of fear
 i - 3 scrolls of blinking
 j - 2 scrolls of recharging
 k - a scroll of amnesia {unknown}
 p - a scroll of silence {unknown}
 w - 2 scrolls of enchant weapon {unknown}
 y - 3 scrolls of identify
 G - a scroll of remove curse {unknown}
Potions
 d - 2 potions of might
 q - a potion of curing
 r - a potion of poison
 t - a potion of ambrosia
 u - a potion of cancellation
 x - 2 potions of berserk rage
 B - a potion of brilliance
Books
 E - a book of Flames

   Spells                             Type                      Level
   a - Flame Tongue                   Conjuration/Fire             1
   b - Throw Flame                    Conjuration/Fire             2
   c - Conjure Flame                  Conjuration/Fire             3
   d - Inner Flame                    Hexes/Fire                   3
   e - Sticky Flame                   Conjuration/Fire             4
   f - Fireball                       Conjuration/Fire             5
Comestibles
 e - 11 bread rations
 m - 2 fruits
 z - 3 beef jerkies
 A - 2 meat rations
 H - 9 chunks of flesh


   Skills:
 + Level 7.6 Fighting
 + Level 7.3 Maces & Flails
 + Level 8.4 Armour
 + Level 6.6 Dodging
 - Level 0.8 Stealth
 + Level 9.7 Shields


You had 8 spell levels left.
You didn't know any spells.

Dungeon Overview and Level Annotations

Branches:
Dungeon (8/15)             Temple (1/1) D:5
   Lair: D:8-11

Altars:
Ashenzari
Cheibriados
Dithmenos
Elyvilon
Fedhas
Kikubaaqudgha
Makhleb
Nemelex Xobeh
Okawaru
Qazlal
Ru
Sif Muna
Trog
Vehumet
Xom
Yredelemnul
Zin
The Shining One

Shops:
D:8 [


Innate Abilities, Weirdness & Mutations

You reflexively headbutt those who attack you in melee.
You have a pair of horns on your head.
You have sharp toenails.
Your body often deteriorates upon taking damage.
You are frail (-10% HP).
You occasionally shout uncontrollably at your foes.
You are weak. (Str -2)
Potions and wands are less effective at restoring your health.


Message History

You hit the orc priest. Your kick misses the orc priest.
You headbutt the orc priest.
You kill the orc priest!
Qazlal accepts your kill.
An orc comes into view. It is wielding a hand axe.
The orc shouts!
The orc warrior cheers repeatedly.
You block the orc warrior's attack.
A giant frog comes into view.
You see here a flail.
The giant frog croaks.
You hit the orc warrior.
The orc warrior is moderately wounded.
The giant frog moves out of view.
You block the orc warrior's attack.
The orc priest miscasts a cantrip.
Drink which item? (? for menu, Esc to quit)
It was a potion of resistance.
You feel protected. The orc warrior hits you with a mace!
You die...

##...... #####...#..#
### #...).#....# ..#
#.###...##.# .. #.#
#.# ##.###..
..o.####.# #.# #.#
### ..........###.##
#.# #
#..o####ยง)##...###.#
#
#....oo@)....#..(#.#
#
#...####..##..>#.#.#
# . ............##.#
# <.####?.....# .. #
................# #
..###..###.#...## #
#..# #.##.## # .....
..# .# # .....# #.# #


You could see an orc warrior, an orc priest and an orc.

Vanquished Creatures
  Pikel (D:7)
  The ghost of karlkraus the Covered, an average MiFi (D:4)
  4 yaks
  A spriggan (D:7)
  Menkaure (D:7)
  An ice beast (D:8)
  2 slaves (D:7)
  A sky beast (D:6)
  An orc warrior (D:8)
  A phantom (D:5)
  4 ogres
  2 centaurs
  3 giant frogs
  2 scorpions
  3 crimson imps
  5 orc wizards
  2 hounds
  3 centaur skeletons
  An orc priest (D:8)
  2 giant frog skeletons
  6 worker ants
  3 iguanas
  A killer bee zombie (D:7)
  A hound skeleton (D:6)
  A worker ant zombie (D:5)
  12 adders
  4 gnolls (D:5)
  A shadow imp (D:5)
  3 worms
  20 orcs
  2 ball pythons
  4 bats
  6 goblins
  9 hobgoblins
  3 jackals (D:4)
  2 quokkas
  7 giant cockroaches
  3 giant geckos
  2 giant gecko skeletons
  A giant gecko zombie (D:5)
  4 giant newts
  A jackal zombie (D:5)
  6 kobolds
  A quokka skeleton (D:5)
  6 rats
  A bush (D:3)
151 creatures vanquished.

Vanquished Creatures (others)
  A sky beast (D:8)
  A human (D:5)
  A slave (D:7)
  A hound skeleton (D:8)
  An adder (D:8)
  A quokka (D:8)
6 creatures vanquished.

Grand Total: 157 creatures vanquished

Notes
Turn   | Place    | Note
--------------------------------------------------------------
     0 | D:1      | karlkraus the Minotaur Fighter began the quest for the Orb.
     0 | D:1      | Reached XP level 1. HP: 19/19 MP: 0/0
   215 | D:1      | You fall through a shaft!
   278 | D:1      | Reached XP level 2. HP: 25/27 MP: 1/1
   729 | D:2      | Reached skill level 4 in Fighting
   750 | D:2      | Reached XP level 3. HP: 31/33 MP: 2/2
  1086 | D:2      | Reached skill level 1 in Dodging
  1086 | D:2      | Reached XP level 4. HP: 32/41 MP: 3/3
  1638 | D:3      | Reached XP level 5. HP: 47/47 MP: 4/4
  1831 | D:3      | Reached skill level 5 in Fighting
  1915 | D:3      | Found a deep blue altar of Sif Muna.
  1915 | D:3      | Found a shattered altar of Ashenzari.
  1916 | D:3      | Found a glowing silver altar of Zin.
  2034 | D:4      | Noticed karlkraus's ghost (average MiFi)
  2046 | D:4      | Killed karlkraus's ghost
  2046 | D:4      | Reached skill level 5 in Armour
  2046 | D:4      | Reached skill level 5 in Shields
  2046 | D:4      | Reached XP level 6. HP: 38/56 MP: 5/5
  2152 | D:4      | Reached skill level 6 in Shields
  2183 | D:4      | Noticed an ogre
  2187 | D:4      | Killed an ogre
  2187 | D:4      | Reached XP level 7. HP: 41/61 MP: 6/6
  2375 | D:4      | Found an iron altar of Okawaru.
  2557 | D:5      | Entered Level 5 of the Dungeon
  2842 | D:5      | Found a staircase to the Ecumenical Temple.
  2852 | Temple   | Entered the Ecumenical Temple
  2895 | Temple   | Became a worshipper of Qazlal Stormbringer
  3167 | D:5      | Reached skill level 5 in Maces & Flails
  3400 | D:5      | Found an ancient bone altar of Kikubaaqudgha.
  3400 | D:5      | Noticed a human
  3404 | D:5      | Killed a human
  3466 | D:6      | Noticed a yak
  3467 | D:6      | Noticed a yak
  3467 | D:6      | Noticed a yak
  3467 | D:6      | Noticed a yak
  3497 | D:5      | Killed a yak
  3497 | D:5      | Reached XP level 8. HP: 14/71 MP: 7/7
  3499 | D:5      | Gained mutation: Your mind is acute. (Int +2) [potion of beneficial mutation]
  3578 | D:5      | Killed a yak
  3578 | D:5      | Reached skill level 7 in Shields
  3586 | D:5      | Killed a yak
  3658 | D:6      | Killed a yak
  3658 | D:6      | Reached skill level 8 in Shields
  3698 | D:6      | Acquired Qazlal's first power
  3740 | D:6      | Reached skill level 5 in Dodging
  3799 | D:6      | Found a snail-covered altar of Cheibriados.
  3800 | D:6      | Found a glowing golden altar of the Shining One.
  3800 | D:6      | Found a sacrificial altar of Ru.
  3800 | D:6      | Found a shadowy altar of Dithmenos.
  3806 | D:6      | Found an ancient bone altar of Kikubaaqudgha.
  3944 | D:6      | Found a burning altar of Makhleb.
  4075 | D:6      | Reached XP level 9. HP: 67/78 MP: 8/8
  4082 | D:6      | Gained mutation: You are frail (-10% HP). [mutagenic meat]
  4083 | D:6      | Gained mutation: Potions and wands are less effective at restoring your health. [mutagenic meat]
  4084 | D:6      | Gained mutation: Your body sometimes deteriorates upon taking damage. [mutagenic meat]
  4255 | D:7      | Found an ancient bone altar of Kikubaaqudgha.
  4299 | D:7      | Noticed Pikel
  4321 | D:7      | Killed Pikel
  4321 | D:7      | Reached skill level 9 in Shields
  5056 | D:7      | Noticed Menkaure
  5062 | D:7      | Killed Menkaure
  5390 | D:8      | Found Ireelo's Antique Armour Shop.
  5398 | D:8      | Bought a pair of brightly glowing gloves for 237 gold pieces
  5408 | D:8      | Identified the +2 pair of gloves of the Furies {rElec} (You bought it in a shop on level 8 of the Dungeon)
  5486 | D:8      | Found a shimmering altar of Xom.
  5508 | D:8      | Gained mutation: Your body often deteriorates upon taking damage. [mutagenic meat]
  5509 | D:8      | Lost mutation: Your mind is acute. (Int +2) [mutagenic meat]
  5510 | D:8      | Gained mutation: You are weak. (Str -2) [mutagenic meat]
  5512 | D:8      | Gained mutation: You occasionally shout uncontrollably at your foes. [mutagenic meat]
  5513 | D:8      | Gained mutation: You have sharp toenails. [mutagenic meat]
  5552 | D:8      | HP: 1/71 [orc priest/divine providence (15)]
  5557 | D:8      | Mangled by an orc warrior

Vault maps used:
D:1:      scummos_arrival_forest
D:3:      gammafunk_temple_overflow_forgotten
D:4:      okawaru_trees_2
D:5:      temple_statues, first_bread, kennysheep_nub, tgw_kikubaaqudgha
D:6:      minitemple, bloody_makhleb
D:7:      basic_altar, the_bakery, minmay_item_behind_shaft, uniq_menkaure,
          uniq_pikel
D:8:      xom_confusion_cloud, nicolae_gozag_seed_capital, dpeg_lair_monsters,
          serial_shops, nicolae_shop_statue_plus, due_unseen_surprise
Temple:   minmay_temple_bridge_d_8

Action                   |  1- 3 |  4- 6 |  7- 9 || total
-------------------------+-------+-------+-------++-------
Melee: Flail             |    93 |   166 |   333 ||   592
  Use: Potion            |       |     1 |     3 ||     4
       Scroll            |       |       |    14 ||    14
  Eat: Chunk             |       |     4 |    18 ||    22
       Bread ration      |       |       |     1 ||     1
